 Dungeon Crawl Stone Soup version 0.20-a0-492-g6327889 (webtiles) character file.

401388 terra52 the Crack Shot (level 23, -10/162 HPs)
             Began as a Gargoyle Monk on Jan 15, 2017.
             Was the Champion of Ru.
             Mangled by an azure jelly (36 damage)
             ... created by the Royal Jelly
             ... on level 4 of the Pits of Slime on Jan 16, 2017.
             The game lasted 06:15:13 (57379 turns).

terra52 the Crack Shot (Gargoyle Monk)             Turns: 57379, Time: 06:15:14

Health: -10/162    AC: 45    Str: 42    XL:     23   Next: 31%
Magic:  18/25      EV:  7    Int: 15    God:    Ru [******]
Gold:   3579       SH:  0    Dex: 15    Spells: 22/22 levels left

rFire    x . .     SeeInvis .   u - +2 great sword "Hoesi" {speed, rF- rN+ Str+3}
rCold    . . .     Gourm    .   j - +4 chain mail "Xuim" {rF- Regen+ Str+6}
rNeg     + + +     Faith    .   (shield currently unavailable)
rPois    ∞         Spirit   .   i - +2 hat {MR+}
rElec    +         Reflect  .   H - +1 cloak {rPois}
rCorr    +         Harm     .   L - +0 pair of gloves "Enovopn" {rC+ rCorr Dex+3 Slay+2}
MR       ++...     Clarity  +   V - +2 pair of boots {run}
Stlth    ..........             P - amulet of Fixation {Regen+ Str+5 Int+3}
Regen    1.1/turn               G - ring of the Endless Expanse {Fire rPois rN+ Str+4}
                                N - +4 ring of slaying

@: exhausted, corroded, extremely horrified, flying, very slightly contaminated,
hasted, heavily drained, very quick
A: big wings, icy blue scales 1, clarity, negative energy resistance 1, shaggy
fur 1, electricity resistance, unbreathing, petrification resistance, no potion
heal 1, rot immunity, no stealth, hated by all, cowardly, inability to train
dodging, no earth magic, no necromancy magic, no translocations magic, reduced
EV 1, AC +17
}: 2/15 runes: decaying, gossamer
a: Stop Flying, Draw Out Power, Power Leap, Apocalypse, Renounce Religion


You were on level 4 of the Pits of Slime.
You worshipped Ru.
Ru was exalted by your worship.
You were not hungry.

You visited 10 branches of the dungeon, and saw 44 of its levels.
You also visited: Ossuary and Wizlab.

You collected 4754 gold pieces.
You spent 1175 gold pieces at shops.

Inventory:

Hand Weapons
 s - a +5 longbow of flaming
 u - the +2 great sword "Hoesi" (weapon) {speed, rF- rN+ Str+3}
   (You took it off a deep elf elementalist on level 3 of the Elven Halls)

   Attacks with this weapon are significantly faster.
   It affects your strength (+3).
   It makes you vulnerable to fire.
   It protects you from negative energy.
 E - a +4 great sword of flaming
 T - the +8 falchion "Ywiwke" {holy, MR++}
   (You took it off a deep elf sorcerer on level 3 of the Elven Halls)

   It has been blessed by the Shining One to cause great damage to the undead
   and demons.
   It affects your resistance to hostile enchantments.
Missiles
 e - 1348 arrows
 w - 20 javelins (quivered)
Armour
 i - a +2 hat of magic resistance (worn)
 j - the +4 chain mail "Xuim" (worn) {rF- Regen+ Str+6}
   (You took it off a deep elf blademaster on level 3 of the Elven Halls)

   It affects your strength (+6).
   It makes you vulnerable to fire.
   It increases your rate of regeneration.
 H - a +1 cloak of poison resistance (worn)
 L - the +0 pair of gloves "Enovopn" (worn) {rC+ rCorr Dex+3 Slay+2}
   (You found it on level 2 of the Lair of Beasts)

   It affects your dexterity (+3).
   It affects your accuracy and damage with ranged weapons and melee attacks
   (+2).
   It protects you from cold.
   It protects you from acid and corrosion.
 M - the +1 buckler of Repulsion {Regen+}
   (You acquired it on level 4 of the Swamp)

   It increases your rate of regeneration.
 V - a +2 pair of boots of running (worn)
Jewellery
 G - the ring of the Endless Expanse (right hand) {Fire rPois rN+ Str+4}
   (You acquired it on level 2 of the Spider Nest)

   [ring of fire]

   It enhances your fire magic.
   It affects your strength (+4).
   It protects you from fire.
   It makes you vulnerable to cold.
   It protects you from poison.
   It protects you from negative energy.
 N - a +4 ring of slaying (left hand)
 P - the amulet of Fixation (around neck) {Regen+ Str+5 Int+3}
   (You took it off a deep elf blademaster on level 3 of the Elven Halls)

   [amulet of regeneration]

   It affects your strength (+5).
   It affects your intelligence (+3).
   It increases your rate of regeneration.
 R - the ring "Mafril" {Fire +Inv Int+2 Dex+6}
   (You found it on level 1 of the Vaults)

   [ring of fire]

   It enhances your fire magic.
   It affects your intelligence (+2).
   It affects your dexterity (+6).
   It protects you from fire.
   It makes you vulnerable to cold.
   It lets you turn invisible.
Wands
 k - a wand of disintegration (16/24)
 o - a wand of iceblast (2/15)
 t - a wand of digging (4/24)
 B - a wand of acid (7/15)
 K - a wand of clouds (5/9)
Scrolls
 a - a scroll of recharging
 g - 8 scrolls of remove curse
 l - 10 scrolls of fog
 n - 21 scrolls of teleportation
 p - 6 scrolls of magic mapping
 r - 6 scrolls of enchant armour
 y - 6 scrolls of fear
 z - 4 scrolls of holy word
 O - 13 scrolls of identify
 S - 3 scrolls of blinking
 Y - 2 scrolls of silence
Potions
 h - 4 potions of might
 m - 15 potions of heal wounds
 q - 9 potions of cancellation
 v - 3 potions of resistance
 x - 4 potions of magic
 A - 5 potions of brilliance
 C - 4 potions of agility
 F - a potion of haste
 I - 7 potions of ambrosia
 U - 4 potions of invisibility
 W - 2 potions of cure mutation
Miscellaneous
 b - a lamp of fire (inert)
 D - a lightning rod (2/4)
Comestibles
 c - 21 bread rations
 d - 11 meat rations
 f - 23 fruits
 Q - a beef jerky


   Skills:
 + Level 22.1(20.0) Fighting
 + Level 14.2(12.5) Long Blades
   Level 2.4(1.2) Slings
 * Level 22.5(20.4) Bows
 - Level 0.6(0.4) Throwing
 + Level 20.2(18.2) Armour
 - Level 1.0(0.0) Shields
 + Level 3.1(1.8) Evocations


You had 22 spell levels left.
You didn't know any spells.

Dungeon Overview and Level Annotations

Branches:
Dungeon (15/15)            Temple (1/1) D:4            Lair (6/6) D:9
  Swamp (4/4) Lair:4       Spider (4/4) Lair:4        Slime (5/5) Lair:5
    Orc (2/2) D:11            Elf (3/3) Orc:2        Vaults (3/5) D:13
  Crypt (0/3) Vaults:2     Depths (1/5) D:15

Altars:
Ashenzari
Cheibriados
Dithmenos
Elyvilon
Fedhas
Gozag
Hepliaklqana
Kikubaaqudgha
Makhleb
Nemelex Xobeh
Okawaru
Qazlal
Ru
Sif Muna
Trog
Uskayaw
Vehumet
Xom
Yredelemnul
Zin
The Shining One
Beogh
Jiyva

Shops:
D:12 [:   Orc:2 *}((   Elf:2 !

Portals:
Hell: Depths:1

Annotations:
D:8 Erica
Slime:5 Royal Jelly
Vaults:3 Boris


Innate Abilities, Weirdness & Mutations

You are resistant to torment.
Your stone body is resilient. (AC +17)
You are immune to poison.
Your large and strong wings let you fly indefinitely.
You resist negative energy. (rN+)
You are resistant to electric shocks. (rElec)
You can survive without breathing.
You are immune to petrification.
Potions are less effective at restoring your health.
You are immune to rotting.
You cannot be stealthy.
You are hated by all.
Your cowardice makes you less effective in combat with threatening monsters.
You cannot train Dodging skill.
You cannot study or cast Earth magic.
You cannot study or cast Necromancy magic.
You cannot study or cast Translocations magic.
You have somewhat slow reflexes. (EV -3)
You are partially covered in icy blue scales. (AC +2)
You possess an exceptional clarity of mind.
You are covered in fur. (AC +1)


Message History

Your system partially rejects the healing.
You feel much better.
The azure jelly stops glowing.
The azure jelly hits you but does no damage. x3
The azure jelly barely misses you. x2; You riposte.
You closely miss the azure jelly.
The azure jelly hits you but does no damage.
The azure jelly closely misses you.
The azure jelly hits you but does no damage. x4
The azure jelly hits you.
* * * LOW HITPOINT WARNING * * *
The acid blob hits you but does no damage.
You redirect the death ooze's attack!
The death ooze hits the azure jelly!
The death ooze hits the azure jelly but does no damage.
The acid blob hits you but does no damage.
The azure jelly hits you but does no damage.
The azure jelly hits you.
* * * LOW HITPOINT WARNING * * *
The azure jelly freezes you!!!
You die...

##.##...#..............##
#.....................##...
##.##.................##..##
##......................#
#.....#.................#
##.#........>....##.#..##
###........JJJ....##...#
##...........JJ...##...###
#.............@.###......## #
##.##.....................##.##
##..........<................#
#.............#..####....##...
##..........<.....#.##...# #
###...........#.........#####
##.##.###.....##...........#..
#.. ####.............<........
##.##.#...#.......#...........


You could see an acid blob, 3 azure jellies and a death ooze.

Vanquished Creatures
  An ancient lich (WizLab)
  the Lernaean hydra (Swamp:4)
  Nikola (Spider:2)
  Rupert (D:15)
  2 deep elf blademasters (Elf:3)
  2 deep elf master archers (Elf:3)
  4 sphinxes
  23 acid blobs
  An ancient champion (WizLab)
  3 thorn hunters
  Roxanne (Swamp:1)
  A storm dragon (Vaults:1)
  Gastronok (D:10)
  The ghost of ultragoat the Bludgeoner, an adept MiFi of Makhleb (Spider:2)
  Donald (Elf:1)
  13 azure jellies
  2 fire giants
  6 deep elf sorcerers
  5 vault wardens
  2 frost giants
  Aizul (Elf:2)
  4 ghost moths
  6 emperor scorpions
  An orc warlord (Orc:2)
  6 deep elf elementalists (Elf:3)
  2 very ugly things
  5 stone giants
  4 entropy weavers
  9 ironheart preservers
  A stone giant (shapeshifter) (D:15)
  Nessos (Lair:6)
  7 deep elf demonologists
  8 deep elf annihilators
  3 spark wasps
  6 ettins
  5 deep elf death magi (Elf:3)
  5 death oozes (Slime:5)
  2 fire dragons
  Josephine (Lair:4)
  2 deep elf high priests (Elf:3)
  An eidolon (Vaults:2)
  A rakshasa (Vaults:1)
  2 ice dragons (Vaults:2)
  6 yaktaur captains
  The ghost of Lasty the Destroyer, a journeyman TeMo of Vehumet (Orc:2)
  9 ogre magi
  6 great orbs of eyes
  9 vault guards (Vaults:1)
  Erolcha (Orc:1)
  A ghost crab (Swamp:3)
  13 centaur warriors
  20 hydras
  A catoblepas (D:15)
  2 death knights
  2 deep troll shamans
  10 alligators
  2 tengu warriors
  20 two-headed ogres
  A queen ant (shapeshifter) (D:15)
  26 dancing weapons
  7 orc high priests (Orc:2)
  4 hell knights
  18 deep elf knights
  The ghost of frogmouthbird the Basher, a novice TeAE of Ashenzari (D:8)
  9 skeletal warriors
  A deep troll (shapeshifter) (D:15)
  2 spriggan druids
  3 unseen horrors
  3 glowing orange brains
  9 deep trolls
  10 swamp dragons
  Pikel (D:5)
  3 wizards
  7 orc knights
  4 ironbrand convokers
  A harpy (Vaults:1)
  21 deep elf archers
  2 phantasmal warriors
  A harpy (shapeshifter) (Vaults:1)
  A sphinx zombie (Vaults:1)
  5 necromancers
  A lindwurm (shapeshifter) (Vaults:1)
  A shambling mangrove (Swamp:4)
  11 ugly things
  5 orc sorcerers
  62 deep elf magi
  An oklob plant (Lair:4)
  6 manticores
  21 orb spiders
  38 wolf spiders
  A moth of wrath (shapeshifter) (D:15)
  8 shining eyes
  3 moths of wrath
  4 cyclopes
  2 black mambas
  3 torpor snails
  2 vault sentinels (Vaults:1)
  2 gargoyles
  An eye of devastation (Slime:4)
  7 elephants
  Psyche (D:8)
  Maurice (D:8)
  5 centaur skeletons
  16 spiny frogs
  6 kobold demonologists
  20 yaktaurs
  11 demonic crawlers
  A yaktaur (shapeshifter) (Vaults:2)
  6 freezing wraiths
  2 rime drakes (Lair:6)
  3 polar bears
  5 komodo dragons
  A troll (shapeshifter) (Elf:1)
  A queen bee (Lair:3)
  A queen bee (shapeshifter) (Vaults:2)
  3 tengu conjurers
  9 trolls
  38 jumping spiders
  A polar bear (shapeshifter) (Vaults:1)
  14 tyrant leeches
  3 meliai (Spider:2)
  12 bog bodies
  80 slime creatures
  7 hippogriffs
  28 hornets
  A snapping turtle (shapeshifter) (D:15)
  13 blink frogs
  A frost giant simulacrum (Vaults:1)
  A centaur simulacrum (D:15)
  13 spriggans
  An air elemental (Elf:2)
  92 redbacks
  9 shadows
  43 tarantellas
  3 water elementals
  15 wraiths
  2 wyverns (D:15)
  4 vampires (WizLab)
  39 yaks
  4 basilisks
  A human (shapeshifter) (Vaults:1)
  A steam dragon (D:13)
  5 golden eyes
  18 vampire mosquitoes
  A yaktaur simulacrum (Vaults:3)
  2 hungry ghosts
  11 insubstantial wisps
  4 two-headed ogre zombies (WizLab)
  A harpy simulacrum (D:15)
  3 soldier ants
  16 wargs
  A soldier ant (shapeshifter) (D:8)
  18 swamp worms
  5 acid dragons
  10 water moccasins
  5 porcupines
  11 swamp drakes
  21 orc warriors
  A swamp drake (shapeshifter) (D:14)
  3 ice beasts
  5 sky beasts
  7 eyes of draining
  4 black bears
  A necrophage (D:12)
  A boggart (D:15)
  A phantom (D:9)
  24 ogres
  16 wolves
  25 centaurs
  14 crocodiles
  4 big kobolds
  18 bullfrogs
  6 earth elementals
  3 wyvern skeletons
  5 scorpions
  9 troll zombies (WizLab)
  10 wights
  5 howler monkeys
  9 crimson imps
  A quasit (D:8)
  6 centaur zombies
  2 bullfrog zombies
  2 human simulacra (Vaults:1)
  4 jellies
  40 orc priests
  A gnoll shaman (D:6)
  7 hounds
  17 orc wizards
  2 human skeletons (D:5)
  4 iguanas
  12 worker ants
  3 ogre zombies (WizLab)
  A worker ant zombie (D:5)
  12 adders
  9 gnolls
  A river rat (D:6)
  4 shadow imps
  An adder skeleton (D:6)
  3 worms
  2 dart slugs
  A leopard gecko (D:6)
  93 orcs
  4 giant cockroaches
  7 goblins
  4 hobgoblins
  8 jackals
  24 kobolds
  2 quokkas
  2 ball pythons (D:1)
  2 ball python skeletons (Ossuary)
  4 bats (D:1)
  A frilled lizard (D:5)
  A hobgoblin zombie (Ossuary)
  A kobold zombie (Ossuary)
  A leopard gecko zombie (D:5)
  5 orc skeletons
  5 orc zombies
  A quokka skeleton (D:6)
  5 rats
  A bush (Lair:4)
  4 fungi (Lair:4)
  5 plants
1713 creatures vanquished.

Vanquished Creatures (others)
  Asterion (Elf:2)
  A ghost moth (Spider:1)
  An entropy weaver (Spider:2)
  A death ooze (Slime:5)
  The ghost of devinicy the Grappler, a journeyman TrMo of Fedhas (Orc:1)
  2 hydras (Swamp:4)
  A centaur warrior (Vaults:2)
  2 deep elf knights (Elf:2)
  2 wolf spiders
  An elephant (Lair:3)
  2 spiny frogs
  A komodo dragon (Lair:3)
  A jumping spider (Spider:2)
  3 hornets
  A bog body (Swamp:2)
  A slime creature (Slime:4)
  2 tarantellas
  6 redbacks
  A yak (Lair:6)
  An insubstantial wisp (Swamp:4)
  A swamp worm (Swamp:4)
  An orc warrior (D:10)
  An ogre (Vaults:2)
  2 centaurs
  A wolf (Lair:3)
  A scorpion (Spider:1)
  A bullfrog skeleton (D:13)
  An orc wizard (D:12)
  2 orcs
  A kobold (D:9)
  A giant cockroach zombie (D:5)
  3 briar patches (Swamp:4)
  14 fungi
  7 plants
69 creatures vanquished.

Grand Total: 1782 creatures vanquished

Notes
Turn   | Place    | Note
-------+----------+-------------------------------------------
     0 | D:1      | terra52 the Gargoyle Monk began the quest for the Orb.
     0 | D:1      | Reached XP level 1. HP: 14/14 MP: 1/1
   295 | D:1      | Reached XP level 2. HP: 19/20 MP: 2/2
   500 | D:1      | Reached XP level 3. HP: 22/24 MP: 3/3
  1110 | D:2      | Found a snail-covered altar of Cheibriados.
  1161 | D:2      | Reached skill level 5 in Fighting
  1598 | D:2      | Reached XP level 4. HP: 29/31 MP: 4/4
  2016 | D:3      | Found an opulent altar of Gozag.
  2362 | D:3      | Found a glowing golden altar of the Shining One.
  2669 | D:3      | Reached XP level 5. HP: 32/36 MP: 5/5
  3065 | D:4      | Found a staircase to the Ecumenical Temple.
  3079 | D:4      | Reached XP level 6. HP: 44/44 MP: 6/6
  3093 | Temple   | Entered the Ecumenical Temple
  3108 | Temple   | Became a worshipper of Ru the Awakened
  3117 | Temple   | Gained mutation: You cannot train Dodging skill. [Ru sacrifice]
  3117 | Temple   | Reached * piety under Ru
  3643 | D:4      | Reached skill level 1 in Armour
  4151 | D:3      | Reached XP level 7. HP: 48/49 MP: 7/7
  4265 | D:5      | Entered Level 5 of the Dungeon
  4412 | D:5      | Gained mutation: You are covered in fur. (AC +1) [potion of beneficial mutation]
  4416 | D:5      | Noticed Pikel
  4434 | D:5      | Killed Pikel
  4434 | D:5      | Reached XP level 8. HP: 34/56 MP: 8/8
  4611 | D:5      | Found a sand-covered staircase.
  4618 | D:5      | Reached skill level 5 in Armour
  4621 | Ossuary  | Entered an ossuary
  4734 | Ossuary  | Noticed a wraith
  4734 | Ossuary  | Noticed a flying skull
  4740 | Ossuary  | Noticed a flying skull
  4766 | Ossuary  | Noticed a flying skull
  4786 | Ossuary  | Noticed a flying skull
  4794 | Ossuary  | Noticed a wraith
  4810 | Ossuary  | Killed a wraith
  5007 | Ossuary  | Noticed a wraith
  5013 | Ossuary  | Killed a wraith
  5013 | Ossuary  | Reached skill level 10 in Fighting
  5454 | D:6      | Found a shimmering altar of Xom.
  5691 | D:6      | Reached XP level 9. HP: 63/63 MP: 9/9
  5844 | D:6      | Gained mutation: You are hated by all. [Ru sacrifice]
  5844 | D:6      | Reached ** piety under Ru
  5965 | D:6      | Found a basalt altar of Yredelemnul.
  6856 | D:7      | Found a shimmering altar of Xom.
  6861 | D:7      | Found a snail-covered altar of Cheibriados.
  7020 | D:7      | Reached skill level 1 in Bows
  7144 | D:7      | Found a shimmering altar of Xom.
  7144 | D:7      | Found a shimmering altar of Xom.
  7145 | D:7      | Found a shimmering altar of Xom.
  7145 | D:7      | Found a shimmering altar of Xom.
  7309 | D:8      | Reached XP level 10. HP: 52/70 MP: 10/10
  7419 | D:8      | Noticed Maurice
  7432 | D:8      | Killed Maurice
  7525 | D:8      | Noticed Psyche
  7545 | D:8      | Noticed Erica
  7570 | D:7      | Reached skill level 1 in Evocations
  7615 | D:8      | Noticed frogmouthbird's ghost (novice TeAE)
  7815 | D:8      | Killed Psyche
  8299 | D:9      | Gained mutation: You cannot study or cast Earth magic. [Ru sacrifice]
  8299 | D:9      | Gained mutation: You cannot study or cast Necromancy magic. [Ru sacrifice]
  8299 | D:9      | Gained mutation: You cannot study or cast Translocations magic. [Ru sacrifice]
  8299 | D:9      | Reached *** piety under Ru
  8309 | D:9      | Reached skill level 10 in Armour
  8630 | D:9      | Found a staircase to the Lair.
  8900 | D:8      | Found a shadowy altar of Dithmenos.
  8910 | D:8      | Reached skill level 5 in Bows
  9003 | D:8      | Killed frogmouthbird's ghost
  9212 | D:9      | Reached XP level 11. HP: 23/76 MP: 12/12
  9767 | D:10     | Entered Level 10 of the Dungeon
  9955 | D:10     | Noticed a manticore
  9995 | D:10     | Killed a manticore
 10054 | D:10     | You fall through a shaft!
 10309 | D:10     | Noticed Gastronok
 10351 | D:10     | Killed Gastronok
 10448 | D:10     | Gained mutation: You cannot be stealthy. [Ru sacrifice]
 10448 | D:10     | Reached **** piety under Ru
 10805 | D:11     | Found a staircase to the Orcish Mines.
 11209 | D:11     | Noticed a manticore
 11217 | D:11     | Killed a manticore
 11496 | D:11     | Noticed a two-headed ogre
 11505 | D:11     | Killed a two-headed ogre
 11834 | D:12     | Reached XP level 12. HP: 56/84 MP: 8/13
 12418 | D:12     | Gained mutation: You occasionally shout uncontrollably at your foes. [potion of mutation]
 12418 | D:12     | Gained mutation: You are agile. (Dex +2) [potion of mutation]
 12418 | D:12     | Gained mutation: You are partially covered in icy blue scales. (AC +2) [potion of mutation]
 12427 | D:12     | Found Pohubbaomy's Book Shop.
 12585 | D:12     | Found Vuanun's Armour Shoppe.
 12933 | D:13     | Gained mutation: You have somewhat slow reflexes. (EV -3) [Ru sacrifice]
 12933 | D:13     | Reached ***** piety under Ru
 13182 | D:13     | Noticed a two-headed ogre
 13192 | D:13     | Killed a two-headed ogre
 13419 | D:13     | Found a gate to the Vaults.
 13540 | D:13     | Noticed a death knight
 13723 | D:11     | Reached skill level 10 in Bows
 13734 | Orc:1    | Entered Level 1 of the Orcish Mines
 13776 | Orc:1    | Noticed devinicy's ghost (journeyman TrMo)
 14031 | Lair:1   | Entered Level 1 of the Lair of Beasts
 14043 | Lair:1   | Noticed a seven-headed hydra
 14057 | Lair:1   | Killed a seven-headed hydra
 14917 | Lair:2   | Got a pair of dazzling gloves
 14928 | Lair:2   | Identified the +0 pair of gloves "Enovopn" {rC+ rCorr Dex+3 Slay+2} (You found it on level 2 of the Lair of Beasts)
 15183 | Lair:2   | Reached XP level 13. HP: 82/90 MP: 14/14
 15284 | Lair:2   | Gained mutation: Your cowardice makes you less effective in combat with threatening monsters. [Ru sacrifice]
 17286 | Lair:4   | Found a staircase to the Swamp.
 17343 | Lair:4   | Gained mutation: Potions are less effective at restoring your health. [Ru sacrifice]
 17343 | Lair:4   | Reached ****** piety under Ru
 17507 | Lair:4   | Noticed Josephine
 17515 | Lair:4   | Killed Josephine
 17664 | Lair:4   | Found a hole to the Spider Nest.
 18707 | Lair:5   | Found a staircase to the Slime Pits.
 18719 | Lair:5   | Found a viscous altar of Jiyva.
 18861 | Lair:6   | Entered Level 6 of the Lair of Beasts
 19401 | Lair:5   | Reached skill level 1 in Shields
 19558 | Lair:5   | Gained mutation: Your large and strong wings let you fly indefinitely. [Gargoyle growth]
 19558 | Lair:5   | Reached XP level 14. HP: 79/96 MP: 10/15
 19700 | Lair:6   | Noticed Nessos
 19706 | Lair:6   | Killed Nessos
 19789 | Lair:6   | Reached skill level 15 in Fighting
 19846 | Lair:6   | Reached skill level 15 in Armour
 20275 | Lair:6   | Noticed a dire elephant
 20320 | Swamp:1  | Entered Level 1 of the Swamp
 20626 | Swamp:1  | Noticed a thorn hunter
 20633 | Swamp:1  | Killed a thorn hunter
 21131 | Swamp:1  | Noticed Roxanne
 21150 | Swamp:1  | Killed Roxanne
 21677 | Swamp:2  | Got a pair of pitted boots
 21683 | Swamp:2  | Identified the cursed -3 pair of boots "Paysabog" {Str+3 Int+4} (You found it on level 2 of the Swamp)
 22804 | Swamp:2  | Reached XP level 15. HP: 75/103 MP: 16/16
 24297 | Swamp:3  | Noticed a thorn hunter
 24860 | Swamp:3  | Killed a thorn hunter
 25325 | Swamp:3  | Reached skill level 15 in Bows
 25569 | Swamp:4  | Entered Level 4 of the Swamp
 26892 | Swamp:4  | Identified a scroll of acquirement
 26895 | Swamp:4  | Got a shimmering buckler
 26901 | Swamp:4  | Identified the +1 buckler of Repulsion {Regen+} (You acquired it on level 4 of the Swamp)
 26912 | Swamp:4  | Noticed a thorn hunter
 27046 | Swamp:4  | Killed a thorn hunter
 27324 | Swamp:4  | Noticed the 27-headed Lernaean hydra
 27850 | Spider:1 | Entered Level 1 of the Spider Nest
 27870 | Spider:1 | Reached XP level 16. HP: 83/111 MP: 17/17
 28397 | Spider:1 | Got a smoking fustibalus
 28398 | Spider:1 | Identified the +5 fustibalus "Inuacli" {speed, rElec} (You found it on level 1 of the Spider Nest)
 29354 | Spider:2 | Noticed ultragoat's ghost (adept MiFi)
 29444 | Spider:2 | Killed ultragoat's ghost
 30008 | Spider:2 | Noticed Nikola
 30066 | Spider:2 | Killed Nikola
 30066 | Spider:2 | Reached skill level 1 in Slings
 30800 | Spider:3 | Reached XP level 17. HP: 106/117 MP: 10/18
 31115 | Spider:2 | Got a warped granite ring
 31116 | Spider:2 | Identified the ring of the Endless Expanse {Fire rPois rN+ Str+4} (You acquired it on level 2 of the Spider Nest)
 31696 | Orc:1    | Killed devinicy's ghost
 31700 | Orc:1    | Paralysed by an orc sorcerer for 3 turns
 31714 | Orc:1    | Noticed Erolcha
 31729 | Orc:1    | Killed Erolcha
 32131 | Orc:2    | Entered Level 2 of the Orcish Mines
 32179 | Orc:2    | Noticed Lasty's ghost (journeyman TeMo)
 32419 | Orc:2    | Killed Lasty's ghost
 32429 | Orc:2    | Found a staircase to the Elven Halls.
 32547 | Orc:2    | Found Hezuacwa's Gadget Boutique.
 32547 | Orc:2    | Found Kuevy's Assorted Antiques.
 32580 | Orc:2    | Found a roughly hewn altar of Beogh.
 32855 | Orc:2    | Found Tyilum's Antique Weapon Boutique.
 32855 | Orc:2    | Found Qetemyxa's Antique Weapon Shoppe.
 33366 | Orc:2    | Bought a fine scimitar for 252 gold pieces
 33366 | Orc:2    | Identified the cursed +1 scimitar "Dagrid" {pain, rPois MR+ Dex+3} (You bought it in a shop on level 2 of the Orcish Mines)
 33378 | Orc:2    | Bought a polished shortbow for 256 gold pieces
 33378 | Orc:2    | Bought an iridescent mace for 256 gold pieces
 33378 | Orc:2    | Identified the +8 shortbow "Dotaf" {venom, *Drain rElec Str+2 Int+8} (You bought it in a shop on level 2 of the Orcish Mines)
 33381 | Orc:2    | Identified the cursed +0 mace of Equivalence {crush, rF+ rN+ MR++ Int-5} (You bought it in a shop on level 2 of the Orcish Mines)
 35182 | D:15     | Entered Level 15 of the Dungeon
 35263 | D:15     | Noticed Rupert
 35272 | D:15     | Paralysed by Rupert for 2 turns
 35278 | D:15     | Killed Rupert
 35493 | D:15     | Found a snail-covered altar of Cheibriados.
 35494 | D:15     | Found an ancient bone altar of Kikubaaqudgha.
 35494 | D:15     | Found a burning altar of Makhleb.
 35629 | D:15     | Reached XP level 18. HP: 101/125 MP: 15/20
 36725 | D:15     | Reached skill level 5 in Long Blades
 36740 | D:15     | Got a shimmering robe
 36741 | D:15     | Identified the +2 robe "Iramn" {MP+9 Stlth+} (You took it off a crimson imp on level 15 of the Dungeon)
 36975 | D:15     | Found a staircase to the Depths.
 37774 | Swamp:4  | Killed the 27-headed Lernaean hydra
 37840 | Swamp:4  | Got a decaying rune of Zot
 38720 | Spider:4 | Entered Level 4 of the Spider Nest
 39696 | Spider:3 | Reached XP level 19. HP: 128/132 MP: 16/21
 41657 | Spider:4 | Got a gossamer rune of Zot
 41833 | Slime:1  | Entered Level 1 of the Pits of Slime
 43911 | Slime:3  | Reached skill level 10 in Long Blades
 44273 | Slime:3  | Reached XP level 20. HP: 124/140 MP: 22/22
 45238 | Slime:4  | Gained mutation: You are dopey. (Int -2) [a shining eye]
 45488 | Slime:5  | Entered Level 5 of the Pits of Slime
 45843 | Slime:5  | Noticed the Royal Jelly
 46628 | Slime:5  | Found a viscous altar of Jiyva.
 46948 | Elf:1    | Entered Level 1 of the Elven Halls
 47283 | Elf:1    | Noticed Donald
 47295 | Elf:1    | Killed Donald
 47305 | Elf:1    | Got a warped shield {Donald}
 47375 | Orc:2    | Identified the +1 shield of Oqeefa {+Inv rC+ Dex-5} (You took it off Donald on level 1 of the Elven Halls)
 47382 | Orc:2    | Bought a scroll of enchant weapon for 262 gold pieces
 47524 | Elf:1    | Noticed a Tzitzimitl
 47536 | Elf:1    | Identified Bitwamor's Almanac of Conjuration
 48289 | Elf:2    | Found a radiant altar of Vehumet.
 48352 | Elf:2    | Noticed Asterion
 48421 | Elf:1    | Reached XP level 21. HP: 135/147 MP: 23/23
 48482 | Elf:2    | Killed Asterion
 48527 | Elf:2    | Found a magical portal.
 48554 | WizLab   | Entered Zonguldrok's Shrine
 48825 | WizLab   | Noticed an antique lich
 48833 | WizLab   | Killed an antique lich
 49075 | WizLab   | Identified Liug's Incunabulum of Black Magic
 49438 | Elf:2    | Found Ferghikh's Distillery.
 49456 | Elf:2    | Lost mutation: You are agile. (Dex +2) [potion of cure mutation]
 49456 | Elf:2    | Lost mutation: You occasionally shout uncontrollably at your foes. [potion of cure mutation]
 49456 | Elf:2    | Lost mutation: You are dopey. (Int -2) [potion of cure mutation]
 49457 | Elf:2    | Gained mutation: You possess an exceptional clarity of mind. [potion of beneficial mutation]
 49550 | Elf:2    | Found a runed gate.
 49550 | Elf:2    | Found a runed gate.
 49551 | Elf:2    | Found a runed gate.
 49951 | Elf:2    | Noticed Aizul
 49963 | Elf:2    | Killed Aizul
 50440 | Elf:3    | Entered Level 3 of the Elven Halls
 51026 | D:12     | Bought a +0 chain mail of magic resistance for 149 gold pieces
 51511 | Elf:3    | Got a steaming steel amulet
 51737 | Elf:2    | Identified the amulet of Fixation {Regen+ Str+5 Int+3} (You took it off a deep elf blademaster on level 3 of the Elven Halls)
 51772 | Elf:2    | Identified a +2 pair of boots of running (You acquired it on level 2 of the Elven Halls)
 51990 | Elf:3    | Got a warped golden amulet
 51993 | Elf:3    | Identified the amulet of the Immovable Nights {Gourm rN+ Dex+4} (You took it off a deep elf annihilator on level 3 of the Elven Halls)
 52046 | Elf:3    | Got a shadowed robe
 52047 | Elf:3    | Identified the +1 robe of Zogonnup {Str+3 Int-3 Dex+2 Slay+2} (You took it off a deep elf death mage on level 3 of the Elven Halls)
 52093 | Elf:3    | Got a twisted great sword {speed}
 52094 | Elf:3    | Identified the cursed +2 great sword "Hoesi" {speed, rF- rN+ Str+3} (You took it off a deep elf elementalist on level 3 of the Elven Halls)
 52100 | Elf:3    | Got a scorched falchion {holy}
 52107 | Elf:3    | Identified the +8 falchion "Ywiwke" {holy, MR++} (You took it off a deep elf sorcerer on level 3 of the Elven Halls)
 52207 | Elf:3    | Reached XP level 22. HP: 155/155 MP: 24/24
 52267 | Elf:3    | Got a fine hunting sling
 52268 | Elf:3    | Identified the +1 hunting sling "Nupor" {velocity, rN+ Stlth+} (You found it on level 3 of the Elven Halls)
 52535 | Elf:3    | Got a scorched chain mail
 52546 | Elf:3    | Identified the cursed +1 chain mail "Orhaerch" {Stlth+} (You found it on level 3 of the Elven Halls)
 52611 | Elf:3    | Got a faintly humming chain mail
 52622 | Elf:3    | Identified the +4 chain mail "Xuim" {rF- Regen+ Str+6} (You took it off a deep elf blademaster on level 3 of the Elven Halls)
 52941 | Vaults:1 | Entered Level 1 of the Vaults
 53018 | Vaults:1 | Got an encrusted short sword
 53019 | Vaults:1 | Identified the +7 short sword of Xyociti {pierce, Str+3} (You found it on level 1 of the Vaults)
 53659 | Vaults:1 | Found a sacrificial altar of Ru.
 53966 | Vaults:1 | Got a transparent wooden ring
 53968 | Vaults:1 | Identified the ring "Mafril" {Fire +Inv Int+2 Dex+6} (You found it on level 1 of the Vaults)
 55612 | Vaults:2 | Got a jewelled great sword
 55613 | Vaults:2 | Identified the cursed +1 great sword of Hepliaklqana's Reproof {flame, -Tele rN+++ Dex+3} (You found it on level 2 of the Vaults)
 55713 | Vaults:2 | Found a staircase to the Crypt.
 55817 | Vaults:2 | Reached XP level 23. HP: 161/161 MP: 25/25
 56472 | Vaults:3 | Noticed Boris
 56769 | Depths:1 | Entered Level 1 of the Depths
 56769 | Depths:1 | Found a gateway to Hell.
 57379 | Slime:4  | Mangled by an azure jelly

Vault maps used:
D:1:      dpeg_arrival_ternary, minmay_misc_feat_chi, minmay_misc_feat_iff
D:2:      cheibriados_altar_1, kennysheep_generic_room_12
D:3:      grunt_gozag_statues, nicolae_overflow_crystal_walls
D:4:      first_bread
D:5:      nicolae_ossuary_entry_catacombs, uniq_pikel
D:6:      xom_butterflies, kennysheep_little_box, gup_sewer_entry_spiral
D:7:      basic_altar, xom_redecorated
D:8:      basic_altar, uniq_maurice, uniq_erica, uniq_psyche
D:9:      david_lair_shrubbed
D:10:     uniq_gastronok
D:11:     minmay_orc_entry_guard_dogs
D:12:     serial_shops, shop_coins, nicolae_shop_behind_doors
D:13:     david_vaults_1
D:14:     fountainhead
D:15:     hangedman_slaughterboxes, uniq_rupert
Temple:   lightli_temple_of_artemis
Lair:2:   forest_entry_grove
Lair:4:   minmay_swamp_entry_swarm, spider_nest_entry_funnel_web, dpeg_oklob_1,
          grunt_megastairs_2, uniq_josephine
Lair:5:   slime_altar_1, grunt_megastairs_4, serial_bayou_shore_a
Lair:6:   evil_forest, uniq_nessos
Swamp:1:  nicolae_swamp_dense_foliage, uniq_roxanne
Swamp:2:  evilmike_swamp_ruin_house_5, swamp_pool4
Swamp:3:  hangedman_swamp_ruin_wall
Swamp:4:  swamp_old_school
Spider:1: spiders_nest_scorpion_pit
Spider:2: uniq_nikola
Spider:3: guppyfry_spider_mini_1
Spider:4: grunt_spider_rune_parallel
Orc:1:    nicolae_orc_tapped_out, uniq_erolcha
Orc:2:    st_orc_town
Elf:1:    minmay_elf_arrival_summoners, minmay_elf_annihilation, uniq_donald
Elf:2:    basic_altar, mu_enter_wizlab_1, serial_shops,
          nicolae_shop_competitors_out_of_business, uniq_asterion, uniq_aizul
Elf:3:    minmay_elf_hall_curves
Vaults:1: st_greater_box_2, nicolae_vaults_windows_and_doors_thing, v_misc_17,
          v_misc_31, vaults_dpeg_ring, ontoclasm_vaults_hangar,
          nicolae_vaults_sealed_display, nicolae_vaults_ring_of_whatevers,
          basic_altar
Vaults:2: v_misc_18, nicolae_vaults_big_angled_halls,
          nicolae_vaults_ring_of_whatevers, nicolae_vaults_ninety_degrees,
          minmay_crypt_entry_simple_box, nicolae_vaults_little_squares_3,
          v_alt_pattern_4, nicolae_vaults_network_star,
          vaults_standard_mumra_lines, nicolae_vaults_little_squares_5,
          vaults_room_grid, ontoclasm_vaults_loading_screen, vaults_room_fours
Vaults:3: v_misc_27, ontoclasm_vaults_gateway, ontoclasm_vaults_shuriken,
          ontoclasm_vaults_tryst, hangedman_vaults_restitches, v_alt_pattern_6,
          nicolae_vaults_little_squares_2, v_misc_5,
          nicolae_vaults_angled_halls, ontoclasm_vaults_loading_screen,
          uniq_boris
Depths:1: minmay_spriggan_fort, rand_demon_pan_entry_4, hell_entry,
          hangedman_abyss_or_decor_stagger, hangedman_decor_points,
          nicolae_elemental_shop, uniq_saint_roka
Ossuary:  ossuary_due_cavern
WizLab:   wizlab_zonguldrok

Skill      XL: |  1  2  3  4  5  6  7  8  9 10 11 12 13 14 15 16 17 18 19 20 21 22 23 |
---------------+----------------------------------------------------------------------+-----
Fighting       | 4 5 6 7 8 9 10 11 12 13 14 15 16 17 18 19 20 21 22 | 22.1
Dodging        | 0 |  0.0
Armour         | 2 4 6 9 10 12 13 14 15 17 18 19 20 | 20.2
Bows           | 2 5 8 10 12 14 15 16 17 18 19 20 21 22 | 22.5
Evocations     | 1 2 3 |  3.1
Stealth        | 0 |  0.0
Shields        | 1 |  1.0
Long Blades    | 3 4 7 10 11 12 13 14 | 14.2
Slings         | 2 |  2.4
Throwing       | |  0.6

Action                   |  1- 3 |  4- 6 |  7- 9 | 10-12 | 13-15 | 16-18 | 19-21 | 22-24 || total
-------------------------+-------+-------+-------+-------+-------+-------+-------+-------++-------
Melee: Falchion          |    97 |       |       |       |       |       |       |    24 ||   121
       Dagger            |    14 |   153 |   305 |   880 |  1084 |   473 |       |       ||  2909
       Great sword       |       |       |    26 |       |       |   252 |   423 |   154 ||   855
       Long sword        |       |       |       |     9 |    21 |    42 |       |       ||    72
       Rapier            |       |       |       |       |       |   506 |       |       ||   506
       Triple sword      |       |       |       |       |       |    42 |     2 |       ||    44
       Mace              |       |       |       |       |       |       |    47 |       ||    47
       Longbow           |       |       |       |       |       |       |     1 |       ||     1
       Double sword      |       |       |       |       |       |       |    64 |       ||    64
       Short sword       |       |       |       |       |       |       |       |    24 ||    24
 Fire: Shortbow          |       |       |       |   141 |    39 |       |       |       ||   180
       Longbow           |       |       |       |       |   220 |   324 |   710 |   449 ||  1703
       Fustibalus        |       |       |       |       |       |    26 |       |       ||    26
Throw: Tomahawk          |       |     1 |       |       |       |       |       |       ||     1
       Javelin           |       |       |       |     9 |       |    10 |     1 |       ||    20
Invok: Sacrifice Nimblen |       |     1 |       |       |       |       |       |       ||     1
       Sacrifice Love    |       |       |     1 |       |       |       |       |       ||     1
       Draw Out Power    |       |       |       |     1 |       |       |       |       ||     1
       Sacrifice Arcana  |       |       |       |     1 |       |       |       |       ||     1
       Power Leap        |       |       |       |     9 |    36 |    44 |    19 |       ||   108
       Sacrifice Stealth |       |       |       |     1 |       |       |       |       ||     1
       Apocalypse        |       |       |       |     2 |     3 |     6 |    13 |     3 ||    27
       Sacrifice Health  |       |       |       |     1 |       |       |       |       ||     1
       Sacrifice Purity  |       |       |       |       |     1 |       |       |       ||     1
       Sacrifice Courage |       |       |       |       |     1 |       |       |       ||     1
 Abil: Fly               |       |       |       |       |     1 |       |       |       ||     1
Evoke: Wand              |       |       |     4 |     9 |       |     2 |       |     1 ||    16
       Phial of floods   |       |       |       |     1 |     1 |       |       |       ||     2
       Lightning rod     |       |       |       |       |       |     4 |     2 |       ||     6
       Lamp of fire      |       |       |       |       |       |       |       |     1 ||     1
  Use: Scroll            |       |     5 |    10 |    16 |    13 |    11 |     9 |     6 ||    70
       Potion            |       |       |     2 |     1 |       |     1 |     3 |     2 ||     9
 Stab: Sleeping          |    10 |     2 |     3 |       |       |       |       |       ||    15
       Distracted        |       |     1 |       |     8 |     5 |     6 |     4 |       ||    24
       Invisible         |       |       |       |     4 |     9 |    19 |     5 |       ||    37
       Paralysed         |       |       |       |       |    10 |    10 |    16 |     3 ||    39
  Eat: Chunk             |     2 |     8 |     9 |    26 |    37 |    36 |    16 |    13 ||   147
       Pizza             |       |       |     1 |       |       |       |     1 |     1 ||     3
       Fruit             |       |       |       |     3 |     3 |     5 |     1 |       ||    12
       Meat ration       |       |       |       |       |       |       |     4 |       ||     4
       Beef jerky        |       |       |       |       |       |       |     1 |       ||     1
Armor: Robe              |    34 |    16 |       |       |       |       |       |       ||    50
       Chain mail        |       |    42 |   180 |     6 |       |       |    33 |   236 ||   497
       Ring mail         |       |       |    22 |       |       |       |       |       ||    22
       Plate armour      |       |       |       |   652 |  1143 |  1843 |   771 |       ||  4409
       Scale mail        |       |       |       |       |       |       |    12 |       ||    12
       Skin              |       |       |       |       |       |       |     1 |       ||     1
Dodge: Dodged            |    73 |    58 |   129 |   203 |   203 |   328 |   167 |    76 ||  1237
Block: Other             |       |       |       |    50 |   210 |   149 |   105 |       ||   514
       Reflection        |       |       |       |     2 |       |     8 |     2 |       ||    12
       Buckler           |       |       |       |       |       |   395 |     6 |    10 ||   411
       Large shield      |       |       |       |       |       |       |       |     3 ||     3
       Rpst.: Falchion   |    24 |       |       |       |       |       |       |       ||    24
       Great sword       |       |       |     7 |       |       |    17 |    29 |     7 ||    60
       Long sword        |       |       |       |       |     2 |     3 |       |       ||     5
       Triple sword      |       |       |       |       |       |     2 |       |       ||     2
       Double sword      |       |       |       |       |       |       |     4 |       ||     4
